 Dungeon Crawl Stone Soup version 0.18.1-50-g88ac8fd (webtiles) character file.

501 magog001 the Ducker (level 6, -1/51 HPs)
             Began as a Demigod Skald on Oct 1, 2017.
             Slain by a gnoll shaman
             ... wielding a +0 mace
              (3 damage)
             ... on level 5 of the Dungeon.
             The game lasted 00:25:11 (4620 turns).

magog001 the Ducker (Demigod Skald)                 Turns: 4620, Time: 00:25:11

Health: -1/51      AC:  9    Str: 17    XL:     6   Next: 63%
Magic:  8/13       EV:  7    Int: 16    God:
Gold:   122        SH:  0    Dex: 17    Spells: 3 memorised, 3 levels left

rFire  + . .     SeeInvis .     a - +1 hand axe
rCold  . . .     Gourm    .     j - +4 ring mail
rNeg   . . .     Faith    .     (no shield)
rPois  .         Spirit   .     (no helmet)
rElec  .         Dismiss  .     (no cloak)
rCorr  .         Reflect  .     (no gloves)
SustAt +         Harm     .     (no boots)
MR     .....                    (no amulet)
Stlth  +.........               (no ring)
                                u - ring of protection from fire

@: infused, not resistant to hostile enchantments, very unstealthy
A: high mp 2, sense surroundings 1, screaming 1, sustain attributes
a: no special abilities


You were on level 5 of the Dungeon.
You were not hungry.

You visited 1 branch of the dungeon, and saw 5 of its levels.

You collected 255 gold pieces.
You spent 133 gold pieces at shops.

Inventory:

Hand Weapons
 a - a +1 hand axe (weapon)
 n - a +2 dagger of venom
 o - a +0 blowgun
 t - a +2 dagger of venom
Missiles
 b - 50 sling bullets
 q - 50 poisoned needles
 x - 3 curare-tipped needles
Armour
 j - a +4 ring mail (worn)
Jewellery
 u - a ring of protection from fire (left hand)
Wands
 h - a wand of paralysis (6/24)
 r - a wand of lightning (3/15)
 w - a wand of acid (8/15)
Scrolls
 g - 3 scrolls of identify
 i - a scroll of remove curse
 l - a scroll of blinking
 p - 2 scrolls of teleportation
 y - a scroll of enchant armour
Potions
 e - 2 potions of cure mutation
 f - a potion of curing
Books
 c - a book of Battle

   Spells                             Type                      Level
   a - Infusion                       Charms                       1
   b - Shroud of Golubria             Charms/Translocation         2
   c - Song of Slaying                Charms                       2
   d - Spectral Weapon                Hexes/Charms                 3
   e - Regeneration                   Charms/Necromancy            3
Comestibles
 d - 4 bread rations
 m - a beef jerky
 s - a meat ration


   Skills:
 * Level 3.3 Fighting
 + Level 2.4 Axes
 * Level 2.5 Throwing
 + Level 2.2 Armour
 * Level 3.4 Dodging
 + Level 0.6 Stealth
 + Level 2.3 Spellcasting
 + Level 3.2 Charms


You had 3 spell levels left.
You knew the following spells:

 Your Spells              Type           Power        Failure   Level  Hunger
a - Infusion              Chrm           ##..         12%         1    #......
b - Song of Slaying       Chrm           ##......     17%         2    ###....
c - Regeneration          Chrm/Necr      #.........   63%         3    ###....


Dungeon Overview and Level Annotations

Branches:
Dungeon (5/15)             Temple (0/1) D:4

Shops:
D:4 %?

Annotations:
D:5 StormFighter's ghost, amateur DrTm


Innate Abilities, Weirdness & Mutations

You have a considerably increased reservoir of magic (+20% MP).
Your attributes are resistant to harm.
You passively map a small area around you.
You occasionally shout uncontrollably at your foes.


Message History

The gnoll closely misses you. The gnoll hits you but does no damage.
The gnoll shaman completely misses you. The gnoll barely misses you.
The gnoll hits you from afar with a spear!
Unknown command.
You hit the gnoll shaman.
The gnoll shaman is severely wounded.
The gnoll barely misses you.
The gnoll hits you from afar with a halberd!
The gnoll shaman hits you with a mace. The gnoll hits you but does no damage.
You hit the gnoll shaman.
The gnoll shaman is severely wounded.
The gnoll hits you from afar with a halberd!
* * * LOW HITPOINT WARNING * * *
The gnoll hits you from afar with a spear.
* * * LOW HITPOINT WARNING * * *
The gnoll shaman misses you. The gnoll barely misses you.
The gnoll hits you from afar with a spear.
* * * LOW HITPOINT WARNING * * *
The gnoll barely misses you. The gnoll shaman hits you with a mace.
You die...

* * **
####### * , <
....... * * *
*.....(.### ,
>.....()@# *
* .......#g#
, .......gg..
,
*####(..#.###
,_ .....#..
*, ,
..#....##
*...####. ,
.+ ., , , ,


You could see a gnoll shaman and 2 gnolls.

Vanquished Creatures
  A phantom (D:4)
  2 vampire bats (D:2)
  A hound (D:4)
  An orc priest (D:4)
  An iguana (D:5)
  A hound skeleton (D:4)
  3 gnolls
  8 adders
  A howler monkey skeleton (D:5)
  2 oozes (D:3)
  3 worms (D:2)
  An adder skeleton (D:4)
  A dart slug (D:1)
  3 giant geckos (D:2)
  8 orcs
  7 bats
  2 bat skeletons (D:2)
  4 bat zombies (D:2)
  2 giant cockroaches
  10 hobgoblins
  14 jackals
  A quokka (D:4)
  A ball python (D:2)
  4 giant newts
  6 goblins
  8 kobolds
  A quokka skeleton (D:4)
  4 rats
101 creatures vanquished.

Notes
Turn   | Place    | Note
--------------------------------------------------------------
     0 | D:1      | magog001 the Demigod Skald began the quest for the Orb.
     0 | D:1      | Reached XP level 1. HP: 17/17 MP: 5/5
    63 | D:1      | Reached skill level 1 in Dodging
   797 | D:2      | Reached skill level 1 in Armour
   797 | D:2      | Reached XP level 2. HP: 18/24 MP: 0/7
   809 | D:2      | Learned a level 2 spell: Song of Slaying
   952 | D:2      | Found an ancient bone altar of Kikubaaqudgha.
   952 | D:2      | Noticed a vampire bat
   956 | D:2      | Noticed a vampire bat
   961 | D:2      | Killed a vampire bat
   961 | D:2      | Reached skill level 1 in Throwing
   961 | D:2      | Reached XP level 3. HP: 19/29 MP: 8/8
   999 | D:2      | Reached XP level 4. HP: 12/37 MP: 6/9
  2059 | D:3      | Reached XP level 5. HP: 44/44 MP: 10/10
  2064 | D:3      | Learned a level 3 spell: Regeneration
  2419 | D:3      | HP: 1/45 [gnoll/spear (2)]
  3283 | D:4      | Found Roam's Magic Scroll Shoppe.
  3287 | D:4      | Bought a scroll of enchant armour for 105 gold pieces
  3287 | D:4      | Bought a scroll of identify for 28 gold pieces
  3292 | D:4      | Gained mutation: You occasionally shout uncontrollably at your foes. [potion of mutation]
  3292 | D:4      | Gained mutation: You passively map a small area around you. [potion of mutation]
  3292 | D:4      | Gained mutation: You have a considerably increased reservoir of magic (+20% MP). [potion of mutation]
  3343 | D:4      | Noticed a phantom
  3368 | D:4      | Killed a phantom
  3368 | D:4      | Reached XP level 6. HP: 25/51 MP: 5/12
  3427 | D:4      | Found a deep blue altar of Sif Muna.
  3454 | D:4      | Found Ysuss's Food Emporium.
  3503 | D:4      | Found a shimmering altar of Xom.
  3508 | D:4      | Found a staircase to the Ecumenical Temple.
  3935 | D:5      | Entered Level 5 of the Dungeon
  3946 | D:5      | Noticed StormFighter's ghost (amateur DrTm)
  4619 | D:5      | HP: 2/51 [gnoll/spear (3)]
  4620 | D:5      | Slain by a gnoll shaman

Skill      XL: |  1  2  3  4  5  6 |
---------------+-------------------+-----
Dodging        | 1 2 3 |  3.4
Fighting       | 2 3 |  3.3
Armour         | 1 2 |  2.2
Throwing       | 1 2 |  2.5
Axes           | 2 |  2.4
Charms         | 3 |  3.2
Spellcasting   | 2 |  2.3
Stealth        | |  0.6

Action                   |  1- 3 |  4- 6 || total
-------------------------+-------+-------++-------
Melee: Hand axe          |    70 |   301 ||   371
 Fire: Blowgun           |       |    38 ||    38
 Cast: Infusion          |     4 |    12 ||    16
       Song of Slaying   |     1 |     6 ||     7
       Regeneration      |       |     4 ||     4
Evoke: Wand              |       |     4 ||     4
  Use: Scroll            |       |     9 ||     9
       Potion            |       |     6 ||     6
 Stab: Sleeping          |     1 |       ||     1
  Eat: Bread ration      |       |     1 ||     1
       Chunk             |       |     8 ||     8
       Beef jerky        |       |     2 ||     2
Armor: Ring mail         |    72 |   145 ||   217
       Leather armour    |     1 |       ||     1
Dodge: Dodged            |    70 |   277 ||   347
